 Dungeon Sprint DCSS version 0.21-a0-47-g7c8f537 (webtiles) character file.

1692 Sergey the Brawler (level 8, 0/124 HPs)
             Began as a Troll Monk on June 8, 2017.
             Was a Believer of Makhleb.
             Slain by a yaktaur (15 damage)
             ... in the Dungeon (Sprint II: "The Violet Keep of Menkaure").
             The game lasted 00:07:55 (430 turns).

Sergey the Brawler (Troll Monk)                      Turns: 430, Time: 00:07:55

Health: 0/124      AC:  6    Str: 25    XL:     8   Next: 72%
Magic:  8/9        EV: 10    Int:  6    God:    Makhleb [**....]
Gold:   266        SH:  0    Dex: 12    Spells: 7/7 levels left

rFire    . . .     SeeInvis .     - Unarmed
rCold    . . .     Gourm    +   (no shield)
rNeg     . . .     Faith    .   a - +0 robe
rPois    .         Spirit   .   g - +1 hat
rElec    .         Reflect  .   (no cloak)
rCorr    .         Harm     .   (gloves unavailable)
MR       .....     NoTele   +   (boots unavailable)
Stlth    ..........             e - amulet of rage
Regen    0.7/turn               (no ring)
MPRegen  0.2/turn               (no ring)

@: berserking, lethally poisoned (0 -> -2), slowed
A: unfitting armour, claws 3, clumsy 1, fast metabolism 3, gourmand,
regeneration 1, shaggy fur 1, tough skin 2
a: Minor Destruction, Renounce Religion, Evoke Berserk Rage


You were in the Dungeon.
You worshipped Makhleb.
Makhleb was pleased with you.
You were not hungry.

You visited 1 branch You collected 972 gold pieces.
You spent 706 gold pieces at shops.

Inventory:

Armour
 a - a +0 robe (worn)
 g - a +1 hat (worn)
Jewellery
 e - an amulet of rage (around neck)
Scrolls
 h - a scroll of blinking
Potions
 c - 2 potions of curing
 d - a potion of heal wounds
 f - 2 potions of magic
 i - a potion of agility
Comestibles
 b - 2 bread rations


   Skills:
 + Level 6.1 Fighting
 - Level 2.4 Dodging
 - Level 1.0 Stealth
 + Level 16.8 Unarmed Combat
 * Level 3.4 Evocations


You had 7 spell levels left.
You didn't know any spells.

Dungeon Overview and Level Annotations

Branches:
Dungeon (1/1)

Altars:
Cheibriados
Dithmenos
Elyvilon
Fedhas
Gozag
Hepliaklqana
Kikubaaqudgha
Makhleb
Nemelex Xobeh
Okawaru
Qazlal
Ru
Sif Muna
Trog
Uskayaw
Vehumet
Wu Jian
Xom
Yredelemnul
Zin
The Shining One
Beogh
Jiyva
Lugonu

Shops:
D [:!=?:([!(=([}(%

Annotations:
D exclusion: oklob plant


Innate Abilities, Weirdness & Mutations

You are too large for most types of armour.
You have claws for hands.
Your metabolism is lightning-fast.
You like to eat raw meat.
Your natural rate of healing is unusually fast.
You are covered in fur. (AC +1)
You have very tough skin. (AC +2)
You are clumsy. (Dex -2)


Message History

Your Fighting skill increases to level 6!
Your Evocations skill increases to level 3!
The hornet stings you!
You suddenly lose the ability to move!
The polar bear bites you! The polar bear claws you.
The polar bear claws you but does no damage.
The hornet stings you.
You feel as though you will be slow longer.
The yaktaur hits you!
You can move again.
You miss the hornet. Your claw misses the hornet.
The hornet is moderately wounded.
The hornet stings you!
* * * LOW HITPOINT WARNING * * *
You are poisoned.
You feel as though you will be slow longer.
The polar bear bites you!
* * * LOW HITPOINT WARNING * * *
The polar bear claws you but does no damage. x2
The yaktaur hits you!
You die...

.##..# +..# y#▓%)%!$)?
..#..# #..# .#▓?($)%?([
##'..####..##.#▓?$[!%[)%
..#..§.###.§.##▓▓▓▓▓▓▓+
.##......≈≈≈≈≈≈≈≈≈≈≈≈≈.
##≈≈.....§#'########+###
≈≈≈≈≈≈≈..≈#....._._#≈§≈#
≈≈≈≈≈≈≈≈.≈#....y._.#§≈§≈
≈≈≈≈§≈§≈≈≈#..._c@._#t§§§
≈≈≈≈§≈≈≈≈≈#.._.h._.#t§§§
#§≈§≈≈§≈≈≈#._._._._#§§§§
##≈≈≈###≈≈#_._._._.#§§§§
##≈≈ #≈§#._._._..#§§§§
#≈≈#.._._._.#§§≈≈
§≈##########≈§§§
##≈≈≈≈≈≈≈≈≈≈§≈≈


You could see a polar bear, a yaktaur, a hornet and 2 crocodiles.

Vanquished Creatures
  A polar bear (D)
  2 tyrant leeches (D)
  2 hippogriffs (D)
  4 neqoxecs (D)
  Menkaure (D)
  4 worker ants (D)
14 creatures vanquished.

Vanquished Creatures (others)
  A crocodile (D)
1 creature vanquished.

Grand Total: 15 creatures vanquished

Notes
Turn   | Place    | Note
-------+----------+-------------------------------------------
     0 | D        | Sergey the Troll Monk began the quest for the Orb.
     0 | D        | Reached XP level 1. HP: 22/22 MP: 0/0
     1 | D        | Noticed a worker ant
     1 | D        | Noticed a worker ant
     2 | D        | Noticed a worker ant
     2 | D        | Noticed a worker ant
     4 | D        | Killed a worker ant
     4 | D        | Reached skill level 6 in Unarmed Combat
     4 | D        | Reached XP level 2. HP: 29/29 MP: 1/1
     5 | D        | Reached skill level 7 in Unarmed Combat
     5 | D        | Reached XP level 3. HP: 36/36 MP: 2/2
     7 | D        | Reached skill level 8 in Unarmed Combat
     7 | D        | Reached XP level 4. HP: 44/44 MP: 3/3
    10 | D        | Reached skill level 9 in Unarmed Combat
    40 | D        | Noticed a hippogriff
    40 | D        | Noticed a hippogriff
    44 | D        | Killed a hippogriff
    44 | D        | Reached skill level 12 in Unarmed Combat
    44 | D        | Reached XP level 5. HP: 43/50 MP: 4/4
    44 | D        | Reached XP level 6. HP: 51/59 MP: 5/5
    50 | D        | Killed a hippogriff
    50 | D        | Reached skill level 14 in Unarmed Combat
   115 | D        | Noticed a neqoxec
   115 | D        | Noticed a neqoxec
   115 | D        | Noticed a neqoxec
   115 | D        | Noticed a neqoxec
   119 | D        | Gained mutation: You are clumsy. (Dex -2) [a neqoxec]
   120 | D        | Killed a neqoxec
   120 | D        | Reached XP level 7. HP: 67/67 MP: 6/6
   128 | D        | Killed a neqoxec
   128 | D        | Reached skill level 15 in Unarmed Combat
   141 | D        | Killed a neqoxec
   148 | D        | Killed a neqoxec
   225 | D        | Noticed a tyrant leech
   225 | D        | Noticed a tyrant leech
   233 | D        | Killed a tyrant leech
   233 | D        | Reached skill level 5 in Fighting
   233 | D        | Reached skill level 16 in Unarmed Combat
   233 | D        | Reached XP level 8. HP: 37/80 MP: 7/7
   301 | D        | Found Bettaseapi's Antique Armour Boutique.
   301 | D        | Found Sexzoa's Antique Weapon Boutique.
   301 | D        | Found Xotukhlaa's Weapon Shop.
   302 | D        | Found Quddamif's Food Shop.
   302 | D        | Found Dealy's Jewellery Shop.
   302 | D        | Found Soatopo's Antique Weapon Boutique.
   302 | D        | Found James's Distillery.
   302 | D        | Found Bugos's Antique Armour Boutique.
   303 | D        | Found Zyiga's Book Boutique.
   303 | D        | Found Suichol's Magic Scroll Shop.
   304 | D        | Found Utupeos's Gadget Shop.
   304 | D        | Found Qutt's Antique Weapon Boutique.
   305 | D        | Found Aloimp's Jewellery Boutique.
   305 | D        | Found Otip's Distillery.
   305 | D        | Noticed Menkaure
   305 | D        | Noticed an oklob plant
   306 | D        | Found Vevveic's Antique Armour Boutique.
   306 | D        | Found Ysaiq's Book Shoppe.
   306 | D        | Noticed a shining eye
   318 | D        | Killed Menkaure
   320 | D        | Noticed a shining eye
   322 | D        | Noticed a shining eye
   323 | D        | Noticed a slime creature
   323 | D        | Noticed a slime creature
   324 | D        | Bought an uncursed amulet of rage for 440 gold pieces
   331 | D        | Bought a glowing hat for 175 gold pieces
   337 | D        | Bought a potion of curing for 39 gold pieces
   337 | D        | Bought a potion of agility for 52 gold pieces
   366 | D        | Killed a tyrant leech
   398 | D        | Found a snail-covered altar of Cheibriados.
   399 | D        | Found a shadowy altar of Dithmenos.
   399 | D        | Found a roughly hewn altar of Beogh.
   399 | D        | Found a viscous altar of Jiyva.
   400 | D        | Found a white marble altar of Elyvilon.
   400 | D        | Found an ancient bone altar of Kikubaaqudgha.
   400 | D        | Found a hazy altar of Hepliaklqana.
   400 | D        | Found a sacrificial altar of Ru.
   401 | D        | Found a blossoming altar of Fedhas.
   401 | D        | Found a corrupted altar of Lugonu.
   401 | D        | Found a deep blue altar of Sif Muna.
   409 | D        | Found an opulent altar of Gozag.
   409 | D        | Found a burning altar of Makhleb.
   409 | D        | Found a bloodstained altar of Trog.
   409 | D        | Found a shimmering altar of Xom.
   410 | D        | Found a sparkling altar of Nemelex Xobeh.
   410 | D        | Found a hide-covered altar of Uskayaw.
   411 | D        | Found a basalt altar of Yredelemnul.
   414 | D        | Found an iron altar of Okawaru.
   414 | D        | Found a radiant altar of Vehumet.
   414 | D        | Found a glowing silver altar of Zin.
   414 | D        | Noticed a hornet
   414 | D        | Noticed a polar bear
   415 | D        | Noticed a polar bear
   415 | D        | Found a stormy altar of Qazlal.
   415 | D        | Found an ornate altar of the Wu Jian Council.
   415 | D        | Found a glowing golden altar of the Shining One.
   415 | D        | Noticed a yaktaur
   420 | D        | Became a worshipper of Makhleb the Destroyer
   420 | D        | Reached * piety under Makhleb
   420 | D        | Reached ** piety under Makhleb
   428 | D        | Killed a polar bear
   428 | D        | Paralysed by a hornet for 1 turns
   430 | D        | Slain by a yaktaur

Vault maps used:
D:        the_violet_keep_of_menkaure

Skill      XL: |  1  2  3  4  5  6  7  8 |
---------------+-------------------------+-----
Unarmed Combat | 6 7 8 12 14 16 | 16.8
Fighting       | 3 5 6 |  6.1
Evocations     | 3 |  3.4
Dodging        | |  2.4
Stealth        | |  1.0

Action                   |  1- 3 |  4- 6 |  7- 9 || total
-------------------------+-------+-------+-------++-------
Melee: Unarmed           |     4 |    16 |    42 ||    62
       Punch             |       |     3 |     3 ||     6
 Abil: Evoke Berserk Rag |       |       |     2 ||     2
  Use: Potion            |     1 |     1 |       ||     2
  Eat: Chunk             |       |     4 |       ||     4
Armor: Robe              |       |     3 |    10 ||    13
Dodge: Dodged            |       |     4 |    16 ||    20
